 Dungeon Crawl Stone Soup version 0.30-a0-377-g5cb311bc9f (webtiles) character file.

Game seed: 6768292716617656004

153 Deveroux the Magician (level 5, -3/32 (38) HPs)
             Began as a Mummy Reaver on Nov 30, 2022.
             Was an Initiate of Gozag.
             Slain by a black bear (4 damage)
             ... on level 4 of the Dungeon.
             The game lasted 00:22:25 (2594 turns).

Deveroux the Magician (Mummy Reaver)                Turns: 2594, Time: 00:22:25

HP:   -3/32 (38)    AC:  6    Str: 21    XL:     5   Next: 12%
MP:   10/10         EV: 11    Int: 14    God:    Gozag
Gold: 153           SH:  0    Dex: 11    Spells: 5/11 levels left

rFire   x . .      SeeInvis .    r - +0 great mace
rCold   + + .      Faith    +    (shield currently unavailable)
rNeg    + + +      Spirit   .    b - +0 leather armour
rPois   ∞          Reflect  .    (no helmet)
rElec   .          Harm     .    (no cloak)
rCorr   .          Rampage  .    n - +1 pair of gloves
Will    .....                    m - +0 pair of boots
Stlth   +.........               (no amulet)
HPRegen 0.25/turn                d - ring of protection from cold {rC+}
MPRegen 0.12/turn                f - +6 ring of strength

@: heavily drained
A: cold resistance 1, negative energy resistance 3, torment resistance 2, heat
vulnerability 1, in touch with death 1, no potions, faith
a: Renounce Religion, Potion Petition, Call Merchant, Bribe Branch


You were on level 4 of the Dungeon.
You worshipped Gozag.
Gozag was aware of your devotion.
You visited 1 branch of the dungeon, and saw 4 of its levels.

You collected 292 gold pieces.
You spent 84 gold pieces at shops.
You paid 55 gold pieces to Gozag.

Inventory:

Hand Weapons
 a - a +0 mace
 j - a +2 dagger of venom
 r - a +0 great mace (weapon)
Missiles
 s - 4 poisoned darts
Armour
 b - a +0 leather armour (worn)
 m - a +0 pair of boots (worn)
 n - a +1 pair of gloves (worn)
 p - a +0 buckler
Magical Staves
 c - a staff of cold {rC+}
Jewellery
 d - a ring of protection from cold (left hand) {rC+}
 f - a +6 ring of strength (right hand)
Scrolls
 e - 4 scrolls of teleportation {unknown}
 g - a scroll of amnesia {unknown}
 h - a scroll of poison {unknown}
 i - 2 scrolls of enchant armour {unknown}
 k - a scroll of enchant weapon {unknown}
 l - a scroll of vulnerability {unknown}
 o - 2 scrolls of blinking {unknown}
 q - a scroll of immolation {unknown}


   Skills:
 + Level 2.2 Fighting
 + Level 3.0 Maces & Flails
 - Level 2.0 Dodging
 + Level 3.7 Spellcasting
 - Level 3.0 Conjurations
 + Level 2.0 Necromancy
 + Level 0.4 Translocations
 + Level 0.6 Ice Magic


You had 5 spell levels left.
You knew the following spells:

 Your Spells              Type           Power      Damage    Failure   Level
a - Kiss of Death         Conj/Necr      56%        2d9       9%          1
b - Hailstorm             Conj/Ice       7%         3d4       32%         3
c - Momentum Strike       Conj/Tloc      14%        3d8       17%         2

Your spell library contained the following spells:

 Spells                   Type           Power      Damage    Failure   Level


Dungeon Overview and Level Annotations

Branches:
Dungeon (4/15) Zot: 21330
 Temple: D:4-7

Altars:
Fedhas
Gozag
Nemelex Xobeh

Shops:
D:3 (*

Annotations:
D:4 Edmund


Innate Abilities, Weirdness & Mutations

You are immune to poison.
Your flesh is cold resistant. (rC+)
You are immune to negative energy. (rN+++)
You are immune to unholy pain and torment.
You are vulnerable to heat. (rF-)
You are in touch with the powers of death.
You do not drink.
You have a special connection with the divine. (Faith)


Message History

The black bear bites you but does no damage.
The black bear claws you but does no damage.
The black bear claws you.
You hit the black bear.
The black bear is heavily wounded.
The black bear bites you. The black bear misses you.
The black bear barely misses you.
You closely miss the black bear.
The black bear is heavily wounded.
The black bear bites you but does no damage.
The black bear barely misses you. x2
The black bear bites you but does no damage.
The black bear barely misses you.
The black bear claws you but does no damage.
You sock the black bear!
The black bear is almost dead.
The black bear goes berserk!
You barely miss the black bear.
The black bear is almost dead.
The black bear completely misses you.
The black bear claws you but does no damage. x2
The black bear bites you but does no damage.
The black bear claws you but does no damage.
The black bear closely misses you.
You hit the black bear.
The black bear is almost dead.
The black bear bites you.
The black bear claws you but does no damage.
The black bear claws you. The black bear bites you. The black bear claws you.
* * * LOW HITPOINT WARNING * * *
The black bear claws you but does no damage.
The black bear bites you!
* * * LOW HITPOINT WARNING * * *
The black bear barely misses you.
The black bear claws you but does no damage.
You closely miss the black bear.
The black bear is almost dead.
The black bear bites you.
You die...
Your body crumbles into a pile of gold.

#####............###############
#............#.#................
#.###..........####.############
#.#..######.........# #.#..#
#.......#.#
#.#..######..#.####.###
#.#...................#
#h##.######..#.####.#.#
..##..h......#.@..#.#.#
.############.#h#.##.#.# .
#...#....#.# ###.###..#.# #.#
#..#.# #.# #..#.#
#.###..#.#########
................>#
#....!.....###..###


You could see a black bear (berserk, drained).

Vanquished Creatures
  An orc wizard (D:3)
  4 adders
  An ufetubus (D:4)
  A worm (D:3)
  6 orcs (D:3)
  5 endoplasms
  2 giant cockroaches
  8 goblins
  7 hobgoblins
  6 kobolds
  5 quokkas
  8 ball pythons
  11 bats
  4 frilled lizards
  4 rats
73 creatures vanquished.

Notes
Turn   | Place    | Note
-------+----------+-------------------------------------------
     0 | D:1      | Deveroux the Mummy Reaver began the quest for the Orb.
     0 | D:1      | Reached XP level 1. HP: 16/16 MP: 4/4
   368 | D:1      | Reached XP level 2. HP: 21/22 MP: 5/5
   463 | D:1      | Reached skill level 3 in Spellcasting
   585 | D:1      | Reached skill level 1 in Necromancy
   626 | D:1      | Found a faded altar of an unknown god.
   724 | D:2      | Gained mutation: You are in touch with the powers of death.
                  | [Mummy growth]
   724 | D:2      | Reached XP level 3. HP: 26/27 MP: 7/7
   825 | D:2      | Learned a level 3 spell: Hailstorm
   876 | D:2      | Reached skill level 2 in Dodging
  1162 | D:2      | Reached XP level 4. HP: 30/33 MP: 5/8
  1402 | D:3      | Found Gozag's Platinum Reserve.
  1484 | D:3      | Reached skill level 3 in Maces & Flails
  1525 | D:3      | Reached skill level 3 in Conjurations
  1528 | D:3      | Learned a level 2 spell: Momentum Strike
  1678 | D:3      | Found an opulent altar of Gozag.
  1693 | D:3      | Became a worshipper of Gozag Ym Sagoz the Greedy
  1879 | D:3      | Found a sparkling altar of Nemelex Xobeh.
  1935 | D:3      | Found a blossoming altar of Fedhas.
  1949 | D:3      | Reached skill level 2 in Necromancy
  2084 | D:3      | Reached XP level 5. HP: 29/38 MP: 10/10
  2150 | D:3      | Found Joyhuam's Weapon Boutique.
  2161 | D:3      | Bought a +0 great mace for 84 gold pieces
  2309 | D:4      | Noticed Edmund
  2556 | D:4      | Noticed a black bear
  2593 | D:4      | HP: 1/32 [black bear (10)]
  2594 | D:4      | Slain by a black bear

Illustrated notes

Levels and vault maps discovered:
D:1:      evilmike_arrival_plus, layout_loops_cross, serial_glass,
          glass_columns_a, glass_columns_c, glass_columns_c, glass_columns_c,
          shapermc_ecumenical_altar_mp_ritualfount
D:2:      layout_basic
D:3:      layout_loops_ring, nicolae_overflow_crystal_walls,
          nemelex_spade_bored_becter, nicolae_gozag_zags_fifth_avenue,
          serial_shops, nicolae_shop_bloodbath_and_beyond
D:4:      layout_basic, mainiacjoe_overflow_catwalk, serial_shops, shop,
          uniq_edmund

Skill      XL: |  1  2  3  4 |
---------------+-------------+-----
Spellcasting   | 3 |  3.7
Necromancy     | 1 2 |  2.0
Dodging        | 2 |  2.0
Maces & Flails | 3 |  3.0
Conjurations   | 3 |  3.0
Fighting       | |  2.2
Translocations | |  0.4
Ice Magic      | |  0.6

Action                   |  1- 3 |  4- 6 || total
-------------------------+-------+-------++-------
Melee: Mace              |   132 |    93 ||   225
       Punch             |       |     2 ||     2
       Great mace        |       |    32 ||    32
 Cast: Hailstorm         |     1 |     3 ||     4
       Kiss of Death     |       |     1 ||     1
Armor: Leather armour    |    56 |    64 ||   120
Dodge: Dodged            |    97 |    99 ||   196

Table legend: (Time is in decaauts)
 A = Elapsed time spent in this place.
 B = Non-inter-level travel time spent in this place.
 C = Inter-level travel time spent in this place.
 D = Time resting spent in this place.
 E = Time spent auto-exploring this place.
 F = Levels seen in this place.
 G = Mean time per level.
                   A        B        C        D        E       F      G
               +--------+--------+--------+--------+--------+-----+--------+
         Total |   2667 |   2588 |     79 |    253 |    740 |   4 |  666.8 |
       Dungeon |   2667 |   2588 |     79 |    253 |    740 |   4 |  666.8 |
               +--------+--------+--------+--------+--------+-----+--------+

Top non-repeatable levels by time:
     D:3: 962 daAuts
     D:2: 736 daAuts
     D:1: 684 daAuts
     D:4: 283 daAuts
